 Dungeon Crawl Stone Soup version 0.19-a0-1225-gf887c1c (webtiles) character file.

18046 JustSomeDude the Blocker (level 12, -9/92 HPs)
             Began as a Demonspawn Fighter on Aug 25, 2016.
             Was a High Priest of Yredelemnul.
             Shot with an arrow by Nessos (23 damage)
             ... on level 13 of the Dungeon.
             The game lasted 00:38:22 (11678 turns).

JustSomeDude the Blocker (Demonspawn Fighter)      Turns: 11678, Time: 00:38:24

Health: -9/92      AC: 12    Str: 25 (26) XL:     12   Next: 24%
Magic:  15/15      EV: 13    Int: 10      God:    Yredelemnul [*****.]
Gold:   589        SH: 12    Dex: 13      Spells: 0 memorised, 11 levels left

rFire  + . .     SeeInvis +     H - +2 spear of Conscience {venom, *Noise rPois Str+5}
rCold  + . .     Gourm    .     b - +0 scale mail
rNeg   . . .     Faith    +     c - +0 shield
rPois  +         Spirit   .     (helmet restricted)
rElec  +         Dismiss  .     R - +0 cloak
rCorr  +         Reflect  .     (no gloves)
MR     .....     Harm     .     (no boots)
Stlth  +.........               j - amulet of faith
                                v - ring of see invisible
                                x - ring of flight

@: lethally poisoned (-9 -> -10), resistant
A: horns 2, icy blue scales 2, powered by pain 1, spiny 1
a: Recall Undead Slaves, Injury Mirror, Animate Dead, Drain Life, Enslave Soul,
Renounce Religion, Evoke Flight


You were on level 13 of the Dungeon.
You worshipped Yredelemnul.
Yredelemnul was extremely pleased with you.
You were hungry.

You visited 1 branch of the dungeon, and saw 13 of its levels.

You collected 813 gold pieces.
You spent 224 gold pieces at shops.

Inventory:

Hand Weapons
 H - the +2 spear of Conscience (weapon) {venom, *Noise rPois Str+5}
   (You bought it in a shop on level 7 of the Dungeon)

   It poisons the flesh of those it strikes.
   It affects your strength (+5).
   It protects you from poison.
   It may make noises in combat.
Armour
 b - a +0 scale mail (worn)
 c - a +0 shield (worn)
 R - a +0 cloak (worn)
Jewellery
 j - an amulet of faith (around neck)
 l - a +3 amulet of reflection
 u - an uncursed ring of poison resistance {unknown}
 v - a ring of see invisible (right hand)
 x - a ring of flight (left hand)
Wands
 d - a wand of teleportation (2/9)
 w - a wand of teleportation (5/9)
 D - a wand of random effects (20/48)
 I - a wand of iceblast (9/15)
 J - a wand of acid (6/15)
 N - a wand of flame (17/48)
 O - a wand of slowing (20/48)
 Q - a wand of paralysis (19/24)
 S - a wand of random effects (18/48)
 Y - a wand of disintegration (8/24)
Scrolls
 e - 6 scrolls of teleportation
 g - 5 scrolls of remove curse
 i - 2 scrolls of recharging
 m - 2 scrolls of enchant armour {unknown}
 o - 2 scrolls of blinking
 p - 8 scrolls of identify
 q - 2 scrolls of amnesia {unknown}
 r - 2 scrolls of fog {unknown}
 t - a scroll of immolation {unknown}
 y - a scroll of magic mapping {unknown}
 z - a scroll of summoning {unknown}
 A - 2 scrolls of random uselessness {unknown}
 B - 2 scrolls of noise {unknown}
 K - a scroll of enchant weapon {unknown}
 L - 2 scrolls of brand weapon
 W - a scroll of vulnerability {unknown}
Potions
 h - 4 potions of lignification
 s - a potion of flight
 F - 7 potions of curing
 M - a potion of heal wounds {unknown}
 P - a potion of degeneration
 V - a potion of might
 X - a potion of resistance
Books
 a - a book of Minor Magic

   Spells                             Type                      Level
   a - Magic Dart                     Conjuration                  1
   b - Blink                          Translocation                2
   c - Call Imp                       Summoning                    2
   d - Repel Missiles                 Charms/Air                   2
   e - Slow                           Hexes                        2
   f - Conjure Flame                  Conjuration/Fire             3
   g - Mephitic Cloud                 Conjuration/Poison/Air       3
 C - a book of Death

   Spells                             Type                      Level
   a - Corpse Rot                     Necromancy                   2
   b - Sublimation of Blood           Necromancy                   2
   c - Agony                          Necromancy                   5
   d - Dispel Undead                  Necromancy                   5
   e - Excruciating Wounds            Charms/Necromancy            5
   f - Bolt of Draining               Conjuration/Necromancy       5
Comestibles
 f - 6 bread rations
 k - 2 beef jerkies
 n - 27 fruits
 E - 2 slices of pizza
 G - 3 meat rations


   Skills:
 + Level 8.1 Fighting
 + Level 9.1 Polearms
 + Level 7.6 Armour
 + Level 7.7 Dodging
 + Level 4.5 Stealth
 + Level 9.2 Shields
 * Level 4.7 Invocations
 + Level 2.9 Evocations


You had 11 spell levels left.
You didn't know any spells.

Dungeon Overview and Level Annotations

Branches:
Dungeon (13/15)            Temple (0/1) D:6            Lair (0/6) D:8
    Orc (0/2) D:9
 Vaults: D:13-14

Altars:
Ashenzari
Cheibriados
Makhleb
Okawaru
Sif Muna
Trog
Uskayaw
Vehumet
Yredelemnul
Zin
The Shining One

Shops:
D:7 (

Annotations:
D:13 exclusion: oklob plant, Nessos


Innate Abilities, Weirdness & Mutations

You have a pair of horns on your head.
You are mostly covered in icy blue scales. (AC +3)
You sometimes gain a little power by taking damage.
You are partially covered in sharp spines.


Message History

You feel sick. The wyvern closely misses you. You block the wyvern's attack.
Nessos shoots an arrow.
You block the arrow.
You see here an arrow.
You feel sick.
Nessos shoots an arrow.
The arrow hits your cyclops zombie! The arrow burns your cyclops zombie.
You block the wyvern's attack.
Your cyclops zombie barely misses the giant frog skeleton.
Nessos shoots an arrow.
The arrow hits your cyclops zombie!! The arrow burns your cyclops zombie.
You feel sick.
Nessos blinks!
The wyvern hisses menacingly.
The wyvern closely misses you.
Nessos shoots an arrow.
The arrow hits you! The arrow burns you.
* * * LOW HITPOINT WARNING * * *
Nessos intently looks at you, slowly moving his tail.
Nessos shoots an arrow.
The arrow hits you!
* * * LOW HITPOINT WARNING * * *
You see here 2 arrows.
You feel sick.
Nessos shoots an arrow.
The arrow hits you!!
You die...
Your body rises from the dead as a mindless zombie.

#.......#...... #.# #..#
#.......'C..... +.# #..##
#.......#########.######...#
####(.............(.(......#
#.......................#
#<.....................)#
#.......................)
.........................
.........@lZ.......##'####
###.................#......
#............(....'......
#.................#......
#.......####..Z...#......
.####+# #...(..#......
#..c...#......
#......###+###
#......(......


You could see Nessos, a wyvern, a giant frog skeleton and a friendly cyclops
zombie.

Vanquished Creatures
  A hydra (D:12)
  3 skeletal warriors (D:12)
  2 unseen horrors
  A hill giant (D:13)
  A deep elf mage (D:12)
  2 cyclopes
  A gargoyle (D:10)
  An efreet (D:9)
  A troll (D:12)
  A wyvern (D:12)
  4 wraiths
  12 yaks
  4 vampire mosquitoes (D:12)
  Edmund (D:5)
  Menkaure (D:7)
  A water moccasin (D:12)
  A black bear (D:6)
  4 orc warriors
  5 ice beasts
  4 phantoms
  A sky beast (D:6)
  7 ogres
  A necrophage (D:8)
  A big kobold (D:8)
  4 giant frogs
  A wyvern zombie (D:7)
  3 scorpions
  7 killer bees
  6 wights
  4 howler monkeys
  2 crimson imps
  2 centaur zombies
  13 hounds
  4 giant frog skeletons
  7 orc priests
  A centaur skeleton (D:7)
  A jelly (D:8)
  5 orc wizards (D:9)
  Ijyb (D:2)
  Natasha (thrice) (D:3)
  5 iguanas
  13 worker ants
  A hound zombie (D:6)
  A hound skeleton (D:5)
  Robin (D:2)
  10 adders
  2 shadow imps (D:9)
  An ooze (D:4)
  3 adder skeletons
  An adder zombie (D:8)
  5 worms
  2 dart slugs (D:4)
  3 giant geckos
  44 orcs
  5 giant cockroaches
  20 goblins
  6 hobgoblins
  20 jackals
  5 kobolds
  2 quokkas
  A ball python (D:6)
  3 bats
  2 giant newts
  A quokka zombie (D:8)
  5 rats
  A fungus (D:8)
288 creatures vanquished.

Vanquished Creatures (collateral kills)
  A hydra (D:11)
  A skeletal warrior (D:12)
  4 hill giants
  Joseph (D:8)
  3 gargoyles
  2 centaur skeletons
  5 yaks
  A wraith (D:12)
  2 hungry ghosts
  A water moccasin (D:11)
  An ice beast (D:11)
  3 orc warriors
  An ogre (D:11)
  A scorpion (D:11)
  3 killer bees (D:11)
  A wight (D:12)
  2 howler monkeys (D:11)
  An orc priest (D:9)
  A hound (D:8)
  An iguana (D:11)
  3 orc wizards
  2 worker ants (D:10)
  A hound zombie (D:11)
  A hound skeleton (D:10)
  2 adders
  9 orcs
  3 quokkas
57 creatures vanquished.

Vanquished Creatures (others)
  9 flying skulls
  A wraith (D:12)
  A hill giant zombie (D:11)
  2 vampire mosquito zombies (D:12)
  A yak zombie (D:11)
  A giant frog zombie (D:9)
  2 killer bee zombies (D:13)
  A hound zombie (D:9)
  A worker ant zombie (D:9)
  An iguana zombie (D:8)
  An adder zombie (D:12)
  2 orc zombies (D:9)
  A bat (D:3)
24 creatures vanquished.

Grand Total: 369 creatures vanquished

Notes
Turn   | Place    | Note
-------+----------+-------------------------------------------
     0 | D:1      | JustSomeDude the Demonspawn Fighter began the quest for the Orb.
     0 | D:1      | Reached XP level 1. HP: 18/18 MP: 1/1
   848 | D:2      | Gained mutation: You are partially covered in icy blue scales. (AC +2) [demonic ancestry]
   848 | D:2      | Reached XP level 2. HP: 4/24 MP: 2/2
   916 | D:2      | Noticed Ijyb
   929 | D:2      | Killed Ijyb
   929 | D:2      | Reached XP level 3. HP: 9/29 MP: 3/3
  1039 | D:2      | Reached skill level 1 in Dodging
  1096 | D:2      | Gained mutation: You sometimes gain a little power by taking damage. [demonic ancestry]
  1096 | D:2      | Reached XP level 4. HP: 12/35 MP: 4/4
  1105 | D:2      | HP: 2/52 [worm (1)]
  1355 | D:2      | Found a bloodstained altar of Trog.
  1393 | D:2      | Found a glowing golden altar of the Shining One.
  1664 | D:2      | Noticed Robin
  1689 | D:2      | Killed Robin
  1781 | D:2      | Found an iron altar of Okawaru.
  2244 | D:3      | Noticed Natasha
  2251 | D:3      | Killed Natasha
  2251 | D:3      | Gained mutation: You have a pair of small horns on your head. [demonic ancestry]
  2251 | D:3      | Reached XP level 5. HP: 41/41 MP: 5/5
  2251 | D:3      | Noticed Natasha
  2260 | D:3      | Killed Natasha
  2307 | D:3      | Noticed Natasha
  2314 | D:3      | Killed Natasha
  2353 | D:3      | Found a glowing silver altar of Zin.
  2547 | D:3      | Reached XP level 6. HP: 31/48 MP: 6/6
  2906 | D:4      | Gained mutation: You are partially covered in sharp spines. [demonic ancestry]
  2906 | D:4      | Reached XP level 7. HP: 40/54 MP: 7/7
  3515 | D:4      | Found a hide-covered altar of Uskayaw.
  3611 | D:5      | Entered Level 5 of the Dungeon
  3629 | D:5      | Reached skill level 5 in Shields
  3683 | D:5      | Found a basalt altar of Yredelemnul.
  3777 | D:5      | Became a worshipper of Yredelemnul the Dark
  4051 | D:5      | Reached XP level 8. HP: 61/61 MP: 8/8
  4236 | D:5      | Noticed Edmund
  4262 | D:5      | Killed Edmund
  4333 | D:6      | Found a staircase to the Ecumenical Temple.
  4411 | D:6      | Found a shattered altar of Ashenzari.
  4418 | D:6      | Reached skill level 5 in Fighting
  4419 | D:6      | Found a deep blue altar of Sif Muna.
  4550 | D:6      | Reached skill level 5 in Armour
  4968 | D:6      | Found a burning altar of Makhleb.
  5000 | D:6      | Found a radiant altar of Vehumet.
  5089 | D:6      | Reached skill level 5 in Polearms
  5136 | D:6      | Reached skill level 1 in Stealth
  5138 | D:6      | Gained mutation: You have a pair of horns on your head. [demonic ancestry]
  5138 | D:6      | Reached XP level 9. HP: 60/68 MP: 9/9
  5175 | D:6      | Reached * piety under Yredelemnul
  5505 | D:7      | Noticed Menkaure
  5515 | D:7      | Killed Menkaure
  5747 | D:7      | Reached skill level 5 in Dodging
  6049 | D:7      | Found Colaest's Antique Weapon Shoppe.
  6056 | D:7      | Bought a dazzling spear for 224 gold pieces
  6056 | D:7      | Identified the cursed +2 spear of Conscience {venom, *Noise rPois Str+5} (You bought it in a shop on level 7 of the Dungeon)
  6470 | D:8      | Reached ** piety under Yredelemnul
  6690 | D:8      | Found a staircase to the Lair.
  6752 | D:8      | Noticed Joseph
  6760 | D:8      | Killed Joseph
  6765 | D:8      | Reached skill level 1 in Invocations
  7276 | D:8      | Found a snail-covered altar of Cheibriados.
  7445 | D:9      | Noticed an unseen horror
  7455 | D:9      | Killed an unseen horror
  7455 | D:9      | Reached XP level 10. HP: 49/76 MP: 9/11
  7749 | D:9      | Reached *** piety under Yredelemnul
  7907 | D:9      | Got a bloodstained mace
  7910 | D:9      | Identified the cursed +3 mace of Agony {vamp, MR+} (You found it on level 9 of the Dungeon)
  8016 | D:9      | Received a gift from Yredelemnul (2 flying skulls)
  8091 | D:9      | Found a staircase to the Orcish Mines.
  8295 | D:10     | Entered Level 10 of the Dungeon
  8345 | D:10     | Noticed a hill giant
  8350 | D:10     | Killed a hill giant
  8528 | D:10     | Noticed a gargoyle
  8532 | D:10     | Killed a gargoyle
  8820 | D:10     | Noticed a gargoyle
  8827 | D:10     | Killed a gargoyle
  8827 | D:10     | Reached **** piety under Yredelemnul
  8960 | D:10     | Gained mutation: You are mostly covered in icy blue scales. (AC +3) [demonic ancestry]
  8960 | D:10     | Reached XP level 11. HP: 38/84 MP: 13/13
  9480 | D:11     | Noticed a hill giant
  9485 | D:11     | Killed a hill giant
  9485 | D:11     | Reached skill level 1 in Evocations
  9508 | D:11     | Noticed a hill giant
  9517 | D:11     | Killed a hill giant
  9558 | D:11     | Received a gift from Yredelemnul (5 flying skulls)
  9590 | D:11     | Noticed a hill giant
  9595 | D:11     | Killed a hill giant
  9831 | D:11     | Noticed a six-headed hydra
  9836 | D:11     | Killed a six-headed hydra
  9955 | D:11     | Reached ***** piety under Yredelemnul
  9979 | D:11     | Noticed an unseen horror
  9984 | D:11     | Killed an unseen horror
 10180 | D:11     | Received a gift from Yredelemnul (2 flying skulls)
 10441 | D:12     | Noticed an eight-headed hydra
 10448 | D:12     | Killed an eight-headed hydra
 10534 | D:12     | Received a gift from Yredelemnul (a wraith)
 10841 | D:12     | Noticed a skeletal warrior
 10861 | D:12     | Noticed a skeletal warrior
 10869 | D:12     | Noticed a skeletal warrior
 10869 | D:12     | Killed a skeletal warrior
 10885 | D:12     | Killed a skeletal warrior
 10887 | D:12     | Noticed a deep elf mage
 10894 | D:12     | Killed a skeletal warrior
 10900 | D:12     | Killed a deep elf mage
 10900 | D:12     | Reached XP level 12. HP: 34/92 MP: 15/15
 11656 | D:13     | Noticed Nessos
 11678 | D:13     | Shot with an arrow by Nessos

Vault maps used:
D:1:      minmay_arrival_checkered_box
D:2:      lemuel_round_altar, kennysheep_okawaru_gauntlet,
          overflow_temple_1_default, first_bread, uniq_iyjb, uniq_robin
D:3:      zin_scriptorium, uniq_natasha
D:4:      marbit_many_paths, kennysheep_generic_room_2
D:5:      old_standard_altar, serial_bayou_pond_a, fountainhead, st_stairs_9,
          kennysheep_nondescript, uniq_edmund
D:6:      grunt_temple_overflow_open, lemuel_crystal_altar, hex_medium,
          bloody_makhleb
D:7:      serial_shops, nicolae_shop_waterfront, uniq_menkaure
D:8:      lemuel_coloured_pillars_altar, dpeg_oklobed_lair, blue_anna_alchemist,
          uniq_joseph
D:9:      david_orc_4, wad_mini_maze
D:11:     serial_column_ruins, column_ruins_open_small, column_ruins_open_tiny,
          column_ruins_grid_3, column_ruins_open_tiny
D:12:     hangedman_abyss_or_decor_passed
D:13:     lightli_vaults_fourway_checkpoint, lemuel_oklob_altar, uniq_nessos,
          uniq_kirke, uniq_urug

Skill      XL: |  1  2  3  4  5  6  7  8  9 10 11 12 |
---------------+-------------------------------------+-----
Polearms       | 2 3 4 5 6 7 9 |  9.1
Armour         | 3 4 5 6 7 |  7.6
Shields        | 3 4 5 6 7 8 9 |  9.2
Dodging        | 1 2 3 4 5 6 7 |  7.7
Fighting       | 4 5 6 7 8 |  8.1
Stealth        | 1 4 |  4.5
Invocations    | 1 2 4 |  4.7
Evocations     | 2 |  2.9

Action                   |  1- 3 |  4- 6 |  7- 9 | 10-12 || total
-------------------------+-------+-------+-------+-------++-------
Melee: Trident           |   103 |   283 |   320 |       ||   706
       Headbutt          |       |    16 |    94 |   101 ||   211
       Spear             |       |       |   111 |   528 ||   639
Invok: Animate Remains   |       |       |     3 |       ||     3
       Animate Dead      |       |       |       |    14 ||    14
       Injury Mirror     |       |       |       |     1 ||     1
       Recall Undead Sla |       |       |       |     1 ||     1
       Enslave Soul      |       |       |       |     1 ||     1
Evoke: Wand              |       |       |       |    17 ||    17
  Use: Potion            |     2 |     3 |     6 |     7 ||    18
       Scroll            |       |       |       |     8 ||     8
 Stab: Distracted        |       |       |       |     9 ||     9
       Invisible         |       |       |       |     2 ||     2
  Eat: Chunk             |     1 |     6 |    14 |    17 ||    38
       Royal jelly       |       |       |     1 |     1 ||     2
Armor: Scale mail        |    56 |    70 |    60 |    57 ||   243
       Skin              |       |     1 |    16 |    37 ||    54
Dodge: Dodged            |    31 |    64 |    88 |   109 ||   292
Block: Shield            |    52 |   152 |   178 |   169 ||   551
       Reflection        |       |     5 |       |       ||     5
